BBA
SACRAMENTO MAD POPES @ BIKINI KRILL
04/25/2058
 
TOP OF THE 1ST
Sacramento Mad Popes batting - Pitching for Bikini Krill : RHP Enrique Aguilar
Pitching: RHP Enrique Aguilar
Batting: LHB Okyay Nisancî 0-0: SINGLE (Groundball, 6MD, EV 96.3 MPH)
Batting: RHB Unem Ploid 0-0: Called Strike
Okyay Nisancî steals 2nd base
0-1: Ball
1-1: Swinging Strike
1-2: Ball
2-2: Foul Ball, location: 2F
2-2: SINGLE (Groundball, 56, EV 101.9 MPH)
Okyay Nisancî to third
Runner from 3rd tries for Home, SAFE, throw by LF to home
Batting: RHB Yuu Suzuki 0-0: Fly out, F7 (Flyball, 78S, EV 90.6 MPH)
Batting: LHB José Montoya 0-0: Ball
1-0: Foul Ball, location: 9LMF
1-1: Ball
2-1: Ball
Unem Ploid steals 2nd base
3-1: Foul Ball, location: 7LMF
3-2: Strikes out looking
Batting: RHB Badr Isam 0-0: Ball
1-0: Swinging Strike
1-1: Ball
2-1: SINGLE (Line Drive, 78M, EV 103.8 MPH)
Unem Ploid to third
Runner from 3rd tries for Home, SAFE, throw by CF to home
Batting: RHB Juan Vera 0-0: Fielders Choice at 2nd, 5-4 (Groundball, 56, EV 87.5 MPH)
Top of the 1st over - 2 runs, 3 hits, 0 errors, 1 left on base; Sacramento 2 - Bikini 0
BOTTOM OF THE 1ST
Bikini Krill batting - Pitching for Sacramento Mad Popes : LHP Joe King
Pitching: LHP Joe King
Batting: RHB Clyde Hughes 0-0: Called Strike
0-1: Ball
1-1: Swinging Strike
1-2: Strikes out looking
Batting: RHB Napoleon Mellott 0-0: Ball
1-0: Ball
2-0: Ball
3-0: Base on Balls
Batting: RHB Michael Buckley 0-0: Swinging Strike
0-1: Called Strike
0-2: Foul Ball, location: 25F
0-2: 2-RUN HOME RUN (Flyball, 7D, EV 96.9 MPH), Distance : 378 ft
Batting: RHB Run-ming Gui 0-0: Ball
1-0: Fly out, F7 (Flyball, 7D, EV 107.5 MPH)
Batting: SHB Mike McClure 0-0: Ball
1-0: Fly out, F8 (Flyball, 78M, EV 75.0 MPH)
Bottom of the 1st over - 2 runs, 1 hit, 0 errors, 0 left on base; Sacramento 2 - Bikini 2
TOP OF THE 2ND
Sacramento Mad Popes batting - Pitching for Bikini Krill : RHP Enrique Aguilar
Batting: RHB Senzo Sato 0-0: Called Strike
0-1: Ball
1-1: Ball
2-1: Foul Ball, location: 5FF
2-2: Ball
3-2: SINGLE (Line Drive, 89M, EV 92.5 MPH)
Batting: SHB Don Keagle 0-0: Swinging Strike
0-1: Called Strike
0-2: Strikes out swinging
Batting: SHB Haydar Syeda 0-0: Called Strike
Senzo Sato is caught stealing 2nd base 2-6
0-1: Called Strike
0-2: Ball
1-2: Strikes out swinging
Top of the 2nd over - 0 runs, 1 hit, 0 errors, 0 left on base; Sacramento 2 - Bikini 2
BOTTOM OF THE 2ND
Bikini Krill batting - Pitching for Sacramento Mad Popes : LHP Joe King
Batting: RHB Gilberto Falchonelli 0-0: Called Strike
0-1: Foul Ball, location: 2F
0-2: Foul Ball, location: 2F
0-2: Fly out, F8 (Flyball, 8LM, EV 87.5 MPH)
Batting: SHB Rich Dares 0-0: Called Strike
0-1: Swinging Strike
0-2: Strikes out swinging
Batting: RHB Manuel Hernández 0-0: Foul Ball, location: 2F
0-1: Foul Ball, location: 25F
0-2: Strikes out swinging
Bottom of the 2nd over - 0 runs, 0 hits, 0 errors, 0 left on base; Sacramento 2 - Bikini 2
TOP OF THE 3RD
Sacramento Mad Popes batting - Pitching for Bikini Krill : RHP Enrique Aguilar
Batting: LHB Okyay Nisancî 0-0: Called Strike
0-1: Foul Ball, location: 3F
0-2: Ground out 3-1 (Groundball, 34S, EV 84.4 MPH)
Batting: RHB Unem Ploid 0-0: Foul Ball, location: 9LDF
0-1: Ball
1-1: Fly out, F9 (Flyball, 9LS, EV 85.0 MPH)
Batting: RHB Yuu Suzuki 0-0: SINGLE (Line Drive, 9S, EV 91.3 MPH)
Batting: LHB José Montoya 0-0: Fly out, F5 (Popup, 56D, EV 72.5 MPH)
Top of the 3rd over - 0 runs, 1 hit, 0 errors, 1 left on base; Sacramento 2 - Bikini 2
BOTTOM OF THE 3RD
Bikini Krill batting - Pitching for Sacramento Mad Popes : LHP Joe King
Batting: RHB John Henderson 0-0: Ball
1-0: Called Strike
1-1: Ground out 3-1 (Groundball, 34S, EV 81.9 MPH)
Batting: RHB Clyde Hughes 0-0: Foul Ball, location: 9LMF
0-1: Ball
1-1: Ball
2-1: Foul Ball, location: 5F
2-2: Ball
3-2: Base on Balls
Batting: RHB Napoleon Mellott 0-0: Ball
1-0: Called Strike
1-1: Foul Ball, location: 2F
1-2: Grounds into double play, 6-4-3 (Groundball, 56, EV 86.9 MPH)
Bottom of the 3rd over - 0 runs, 0 hits, 0 errors, 0 left on base; Sacramento 2 - Bikini 2
TOP OF THE 4TH
Sacramento Mad Popes batting - Pitching for Bikini Krill : RHP Enrique Aguilar
Batting: RHB Badr Isam 0-0: Ball
1-0: Foul Ball, location: 7LSF
1-1: Swinging Strike
1-2: Foul Ball, location: 23FF
1-2: Strikes out looking
Batting: RHB Juan Vera 0-0: Ball
1-0: Called Strike
1-1: Ball
2-1: Ball
3-1: Called Strike
3-2: Base on Balls
Batting: RHB Senzo Sato 0-0: Grounds into double play, 6-4-3 (Groundball, 6, EV 83.8 MPH)
Top of the 4th over - 0 runs, 0 hits, 0 errors, 0 left on base; Sacramento 2 - Bikini 2
BOTTOM OF THE 4TH
Bikini Krill batting - Pitching for Sacramento Mad Popes : LHP Joe King
Batting: RHB Michael Buckley 0-0: DOUBLE (Flyball, 8LXD, EV 110.0 MPH)
Batting: RHB Run-ming Gui 0-0: Called Strike
0-1: Swinging Strike
0-2: Foul Ball, location: 9LSF
0-2: Ball
1-2: Ball
2-2: Ball
3-2: Strikes out looking
Batting: SHB Mike McClure 0-0: Ball
1-0: Called Strike
1-1: Swinging Strike
1-2: Ball
2-2: Strikes out looking
Batting: RHB Gilberto Falchonelli 0-0: Called Strike
0-1: Called Strike
0-2: Fly out, F4 (Popup, 4MD, EV 57.5 MPH)
Bottom of the 4th over - 0 runs, 1 hit, 0 errors, 1 left on base; Sacramento 2 - Bikini 2
TOP OF THE 5TH
Sacramento Mad Popes batting - Pitching for Bikini Krill : RHP Enrique Aguilar
Batting: SHB Don Keagle 0-0: DOUBLE (Line Drive, 9LM, EV 100.0 MPH)
Batting: SHB Haydar Syeda 0-0: Ball
1-0: Ball
2-0: Called Strike
2-1: Foul Ball, location: 23FF
2-2: Ball
3-2: Fly out, F8 (Line Drive, 8LM, EV 91.9 MPH)
Batting: LHB Okyay Nisancî 0-0: Ball
1-0: Ball
2-0: Ball
3-0: Called Strike
3-1: Foul Ball, location: 3F
3-2: Ground out 4-3 (Groundball, 4, EV 81.9 MPH)
Don Keagle to third
Batting: RHB Unem Ploid 0-0: Called Strike
0-1: Ball
1-1: Ball
2-1: Called Strike
2-2: Foul Ball, location: 2F
2-2: SINGLE (Line Drive, 89M, EV 96.3 MPH)
Don Keagle scores
Batting: RHB Yuu Suzuki 0-0: Ball
Unem Ploid steals 2nd base
1-0: Foul Ball, location: 9LMF
1-1: Foul Ball, location: 23F
1-2: Foul Ball, location: 3F
1-2: Foul Ball, location: 3FF
1-2: Ball
2-2: Reached on error, E4 (Groundball, 4, EV 102.5 MPH)
Batting: LHB José Montoya 0-0: Ball
1-0: Ball
2-0: Called Strike
2-1: Fly out, F8 (Flyball, 8RM, EV 91.9 MPH)
Top of the 5th over - 1 run, 2 hits, 1 error, 2 left on base; Sacramento 3 - Bikini 2
BOTTOM OF THE 5TH
Bikini Krill batting - Pitching for Sacramento Mad Popes : LHP Joe King
Batting: SHB Rich Dares 0-0: Ball
1-0: Ball
2-0: Called Strike
2-1: Ball
3-1: Called Strike
3-2: Base on Balls
Batting: RHB Manuel Hernández 0-0: Called Strike
0-1: Ball
1-1: Sac Bunt to 13 - play at first, batter OUT! 1-3
Rich Dares to second
Batting: RHB John Henderson 0-0: Fly out, F4 (Popup, 4S, EV 69.4 MPH)
Batting: RHB Clyde Hughes 0-0: Ground out 6-3 (Groundball, 6, EV 101.9 MPH)
Bottom of the 5th over - 0 runs, 0 hits, 0 errors, 1 left on base; Sacramento 3 - Bikini 2
TOP OF THE 6TH
Sacramento Mad Popes batting - Pitching for Bikini Krill : RHP Enrique Aguilar
Pitching: LHP John Hurry
Batting: RHB Badr Isam 0-0: Fly out, F7 (Line Drive, 7LS, EV 91.9 MPH)
Batting: RHB Juan Vera 0-0: Foul Ball, location: 2F
0-1: Ball
1-1: Ball
2-1: SINGLE (Groundball, P, EV 90.0 MPH) (infield hit)
Batting: RHB Senzo Sato 0-0: Ball
1-0: Foul Ball, location: 2F
1-1: SINGLE (Line Drive, 7S, EV 103.8 MPH)
Juan Vera to second
Batting: SHB Don Keagle 0-0: Ball
1-0: Ball
2-0: Called Strike
2-1: Ball
3-1: Foul Ball, location: 5F
3-2: Foul Ball, location: 2F
3-2: Base on Balls
Juan Vera to third
Senzo Sato to second
Batting: SHB Haydar Syeda 0-0: Called Strike
0-1: Ball
1-1: Ball
2-1: Ball
3-1: Called Strike
3-2: Base on Balls
Juan Vera scores
Senzo Sato to third
Don Keagle to second
Batting: LHB Okyay Nisancî 0-0: Ball
1-0: SINGLE (Groundball, 4M, EV 81.3 MPH)
Senzo Sato scores
Don Keagle to third
Haydar Syeda to second
Runner from 3rd tries for Home, SAFE, throw by CF to home
Pitching: LHP Carlos Silva
Batting: RHB Unem Ploid 0-0: Called Strike
0-1: Grounds into double play, 4-6-3 (Groundball, 4, EV 100.0 MPH)
Top of the 6th over - 3 runs, 3 hits, 0 errors, 1 left on base; Sacramento 6 - Bikini 2
BOTTOM OF THE 6TH
Bikini Krill batting - Pitching for Sacramento Mad Popes : LHP Joe King
Batting: RHB Napoleon Mellott 0-0: Called Strike
0-1: Ground out 6-3 (Groundball, 6, EV 102.5 MPH)
Batting: RHB Michael Buckley 0-0: Foul Ball, location: 2F
0-1: Ball
1-1: Ball
2-1: Ball
3-1: Called Strike
3-2: Base on Balls
Batting: RHB Run-ming Gui 0-0: Swinging Strike
0-1: Swinging Strike
0-2: Ball
1-2: Ball
2-2: Foul Ball, location: 2F
2-2: Foul Ball, location: 5SF
2-2: Foul Ball, location: 2F
2-2: DOUBLE (Line Drive, 7D, EV 88.1 MPH)
Michael Buckley to third
Batting: SHB Mike McClure 0-0: Called Strike
0-1: Foul Ball, location: 9LMF
0-2: Foul Ball, location: 5FF
0-2: Ball
1-2: Ball
2-2: Fly out, F8 (Flyball, 8LS, EV 82.5 MPH)
Pitching: LHP Clint Thomas
Batting: RHB Gilberto Falchonelli 0-0: Fly out, F9 (Flyball, 89S, EV 86.3 MPH)
Bottom of the 6th over - 0 runs, 1 hit, 0 errors, 2 left on base; Sacramento 6 - Bikini 2
TOP OF THE 7TH
Sacramento Mad Popes batting - Pitching for Bikini Krill : LHP Carlos Silva
Batting: RHB Yuu Suzuki 0-0: SINGLE (Flyball, 6D, EV 100.0 MPH)
Batting: LHB José Montoya 0-0: Called Strike
0-1: Ball
1-1: Ball
2-1: Swinging Strike
2-2: Foul Ball, location: 3F
2-2: Ball
3-2: Base on Balls
Yuu Suzuki to second
Pitching: RHP Ralph Page
Batting: RHB Badr Isam 0-0: Ball
1-0: Fly out, F6 (Popup, 6S, EV 77.5 MPH)
Batting: RHB Juan Vera 0-0: Fly out, F7 (Flyball, 78S, EV 90.6 MPH)
Lined into DP, 7-4 (Flyball, 78S, EV 90.6 MPH)
Top of the 7th over - 0 runs, 1 hit, 0 errors, 1 left on base; Sacramento 6 - Bikini 2
BOTTOM OF THE 7TH
Bikini Krill batting - Pitching for Sacramento Mad Popes : LHP Clint Thomas
Batting: SHB Rich Dares 0-0: Called Strike
0-1: Foul Ball, location: 2F
0-2: Ground out 5-3 (Groundball, 56S, EV 65.6 MPH)
Batting: RHB Manuel Hernández 0-0: Ball
1-0: Foul Ball, location: 2F
1-1: Foul Ball, location: 3F
1-2: Strikes out looking
Batting: RHB John Henderson 0-0: Foul Ball, location: 5FF
0-1: Ball
1-1: Ball
2-1: Swinging Strike
2-2: Fly out, F8 (Flyball, 8RD, EV 96.3 MPH)
Bottom of the 7th over - 0 runs, 0 hits, 0 errors, 0 left on base; Sacramento 6 - Bikini 2
TOP OF THE 8TH
Sacramento Mad Popes batting - Pitching for Bikini Krill : RHP Ralph Page
Batting: RHB Senzo Sato 0-0: Ball
1-0: Ball
2-0: Ball
3-0: Base on Balls
Pitching: RHP Adrián Fox
Batting: SHB Don Keagle 0-0: Ball
1-0: Ball
2-0: Called Strike
2-1: Fielders Choice at 2nd, 2-6 (Groundball, 2R, EV 68.8 MPH)
Batting: SHB Haydar Syeda 0-0: Ground out 4-3 (Groundball, 34D, EV 101.3 MPH)
Don Keagle to second
Batting: LHB Okyay Nisancî 0-0: Ball
1-0: Swinging Strike
1-1: Foul Ball, location: 5SF
1-2: Strikes out swinging
Top of the 8th over - 0 runs, 0 hits, 0 errors, 1 left on base; Sacramento 6 - Bikini 2
BOTTOM OF THE 8TH
Bikini Krill batting - Pitching for Sacramento Mad Popes : LHP Clint Thomas
Batting: RHB Clyde Hughes 0-0: Called Strike
0-1: Ball
1-1: Foul Ball, location: 2F
1-2: Ball
2-2: Ball
3-2: Base on Balls
Batting: RHB Napoleon Mellott 0-0: Ball
1-0: Foul Ball, location: 5F
1-1: Ball
2-1: Ball
3-1: Foul Ball, location: 9LSF
3-2: Base on Balls
Clyde Hughes to second
Pitching: RHP Félix Vidaca
Batting: RHB Michael Buckley 0-0: Foul Ball, location: 9LMF
0-1: Called Strike
0-2: Ball
1-2: Foul Ball, location: 2F
1-2: Fly out, F7 (Flyball, 7LD, EV 93.8 MPH)
Runner from 2nd tags up, SAFE at 3rd, no throw by LF
Batting: RHB Run-ming Gui 0-0: SINGLE (Flyball, 34D, EV 92.5 MPH)
Clyde Hughes scores
Napoleon Mellott to second
Batting: SHB Mike McClure 0-0: Foul Ball, location: 23FF
0-1: Called Strike
0-2: Ball
1-2: Ball
2-2: Ball
3-2: Foul Ball, location: 7LMF
3-2: Foul Ball, location: 3F
3-2: Fielders Choice at 2nd, 3-6 (Groundball, 3, EV 83.1 MPH)
Napoleon Mellott to third
Pinch Hitting: SHB Kata Ishibashi 0-0: Ground out 4-3 (Groundball, 4, EV 110.6 MPH)
Bottom of the 8th over - 1 run, 1 hit, 0 errors, 2 left on base; Sacramento 6 - Bikini 3
TOP OF THE 9TH
Sacramento Mad Popes batting - Pitching for Bikini Krill : RHP Adrián Fox
Now in LF: Graham Aubry
Batting: RHB Unem Ploid 0-0: Called Strike
0-1: Ball
1-1: Swinging Strike
1-2: Foul Ball, location: 2F
1-2: Ball
2-2: Foul Ball, location: 25F
2-2: Foul Ball, location: 2F
2-2: Ball
3-2: Ground out 4-3 (Groundball, 4, EV 93.8 MPH)
Pitching: RHP Dvimurdhan Sameer
Batting: RHB Yuu Suzuki 0-0: Fly out, F2 (Popup, 23F, EV 80.6 MPH)
Batting: LHB José Montoya 0-0: Ball
1-0: Called Strike
1-1: Swinging Strike
1-2: Strikes out swinging
Top of the 9th over - 0 runs, 0 hits, 0 errors, 0 left on base; Sacramento 6 - Bikini 3
BOTTOM OF THE 9TH
Bikini Krill batting - Pitching for Sacramento Mad Popes : RHP Félix Vidaca
Batting: SHB Rich Dares 0-0: Ball
1-0: Ball
2-0: Ball
3-0: Called Strike
3-1: SINGLE (Line Drive, 8RS, EV 100.6 MPH)
Pinch Hitting: LHB Pedro Jiménez 0-0: Ball
1-0: Swinging Strike
1-1: 2-RUN HOME RUN (Flyball, 89XD, EV 101.9 MPH), Distance : 401 ft
Batting: RHB John Henderson 0-0: Ball
1-0: Foul Ball, location: 23F
1-1: Foul Ball, location: 3F
1-2: Ball
2-2: Fly out, F9 (Flyball, 89M, EV 88.8 MPH)
Batting: RHB Clyde Hughes 0-0: Ball
1-0: Ball
2-0: Fly out, F9 (Flyball, 9S, EV 91.3 MPH)
Batting: RHB Napoleon Mellott 0-0: Ball
1-0: Called Strike
1-1: Swinging Strike
1-2: Ball
2-2: SINGLE (Line Drive, 78S, EV 102.5 MPH)
Pitching: LHP Ludwig Werberg
Now in RF: Pete Davis
Batting: RHB Michael Buckley 0-0: Ball
1-0: Called Strike
1-1: Ball
2-1: Foul Ball, location: 2F
2-2: Fielders Choice at 2nd, 6-4 (Groundball, 6, EV 99.4 MPH)
Bottom of the 9th over - 2 runs, 3 hits, 0 errors, 1 left on base; Sacramento 6 - Bikini 5
Friday, February 16th , 2024 - OOTP Baseball 24.9 Build 78